 Dungeon Crawl Stone Soup version 0.29-a0-330-g52719c12eb (webtiles) character file.

Game seed: 1670677002715787400

96 kae the Firebug (level 4, -2/35 HPs)
             Began as a Demigod Fire Elementalist on Apr 18, 2022.
             Killed from afar by Sigmund (10 damage)
             ... with a magic dart
             ... on level 3 of the Dungeon.
             The game lasted 00:01:51 (3605 turns).

kae the Firebug (Demigod Fire Elementalist)         Turns: 3605, Time: 00:01:52

Health: -2/35      AC:  2    Str:  8 (9)  XL:     4   Next: 18%
Magic:  9/9        EV: 12    Int: 20 (21) God:
Gold:   26         SH:  0    Dex: 13 (14) Spells: 4/7 levels left

rFire   + . .      SeeInvis .   k - staff of conjuration
rCold   x . .      Faith    .   (no shield)
rNeg    . . .      Spirit   .   a - +0 robe
rPois   .          Reflect  .   (no helmet)
rElec   .          Harm     .   (no cloak)
rCorr   .          Rampage  .   (no gloves)
Will    .....                   (no boots)
Stlth   +.........              (no amulet)
HPRegen 0.11/turn               j - ring of fire
MPRegen 0.11/turn               (no ring)

@: confused, brilliant, ambrosia-drunk, flying
A: high MP 1, forlorn, divine attributes
a: no special abilities


You were on level 3 of the Dungeon.
You visited 1 branch of the dungeon, and saw 3 of its levels.

You collected 47 gold pieces.
You spent 21 gold pieces at shops.

Inventory:

Hand Weapons
 c - a +0 short sword
Armour
 a - a +0 robe (worn)
 h - a +0 hat
 n - the +0 ring mail "Cafeat" {Fly rF- Regen+ rCorr SInv}
   (You found it on level 3 of the Dungeon)

   rF:        It makes you vulnerable to fire.
   SInv:      It lets you see invisible.
   Fly:       It grants you flight.
   Regen:     It increases your rate of health regeneration.
   rCorr:     It protects you from acid and corrosion.
Magical Staves
 k - a staff of conjuration (weapon)
Jewellery
 j - a ring of fire (left hand)
Scrolls
 d - a scroll of enchant weapon {unknown}
 i - a scroll of blinking
 l - a scroll of teleportation
 m - a scroll of noise {unknown}
 o - a scroll of identify {unknown}
Potions
 b - a potion of magic
 f - a potion of brilliance


   Skills:
 + Level 1.0 Fighting
 + Level 2.3 Dodging
 + Level 2.2 Stealth
 + Level 2.1 Spellcasting
 + Level 1.6 Conjurations
 * Level 3.4 Fire Magic


You had 4 spell levels left.
You knew the following spells:

 Your Spells              Type           Power      Damage    Failure   Level
a - Foxfire               Conj/Fire      100%       2x1d9     5%          1
b - Scorch                Fire           72%        2d8       5%          2

Your spell library contained the following spells:

 Spells                   Type           Power      Damage    Failure   Level
 Magic Dart               Conj           76%        1d6       8%          1
 Animate Skeleton         Necr           6%         N/A       16%         1
 Apportation              Tloc           6%         N/A       16%         1
 Summon Small Mammal      Summ           12%        N/A       16%         1
 Conjure Flame            Conj/Fire      41%        6-21      16%         3
 Inner Flame              Hex/Fire       20%        N/A       22%         3
 Call Imp                 Summ           3%         N/A       24%         2
 Mephitic Cloud           Conj/Pois/Air  9%         N/A       36%         3
 Flame Wave               Conj/Fire      41%        2d9       47%         4
 Summon Ice Beast         Ice/Summ       3%         N/A       83%         4
 Summon Mana Viper        Hex/Summ       3%         N/A       99%         5
 Monstrous Menagerie      Summ           1%         N/A       100%        7


Dungeon Overview and Level Annotations

Branches:
Dungeon (3/15)

Shops:
D:2 *

Annotations:
D:3 Sigmund


Innate Abilities, Weirdness & Mutations

You have an increased reservoir of magic. (+10% MP)
You shall have no god before yourself.
Your divine heritage dramatically boosts your attributes as you level up.


Message History

You're too confused to cast spells.
You're too confused to cast spells.
It was a potion of ambrosia.
You are more confused.
You feel invigorated. Something hits you. Something hits you!
Something hits you! Something hits you! Something hits you!
You hear some strange, mumbled words.
You are more confused.
You feel less invigorated. Something hits you!
It was a potion of brilliance.
You feel clever all of a sudden.
A magic dart appears from out of thin air!
The magic dart hits you!
* * * LOW HITPOINT WARNING * * *
It was a potion of flight.
You feel very buoyant.
You fly up into the air.
You hear some strange, mumbled words.
You are more confused.
It was a potion of degeneration.
There was something very wrong with that liquid.
You feel weakened.
You feel dopey.
You feel clumsy.
You hear some strange, mumbled words.
You are more confused.
You're too confused to cast spells.
Found a scroll labelled CUODIE QAQIE.
Your magic is already full.
You are more confused.
You feel invigorated. Something hits you.
* * * LOW HITPOINT WARNING * * *
Something hits you!
* * * LOW HITPOINT WARNING * * *
Something hits you.
* * * LOW HITPOINT WARNING * * *
A magic dart appears from out of thin air!
The magic dart hits you!
You die...

####...>..#....###.........
. ####.##...#...##
.........#. #
.....##.........
###.........## #......####
.....###....## .. ....)
#.##..#####.... ....
#.###........# ### #.#
#.@.{....# ... #..........
.#............. ..
#.#.......... ..
#............ ..##........>
... #......### .?. ######..


There were no monsters in sight!

Vanquished Creatures
  4 adders
  A worm (D:2)
  A dart slug (D:2)
  An orc (D:2)
  3 endoplasms
  4 giant cockroaches
  2 goblins (D:2)
  3 hobgoblins
  4 jackals (D:2)
  3 quokkas
  7 ball pythons
  6 bats
  4 frilled lizards
  6 kobolds
  2 rats
51 creatures vanquished.

Vanquished Creatures (others)
  77 foxfires
77 creatures vanquished.

Grand Total: 128 creatures vanquished

Notes
Turn   | Place    | Note
-------+----------+-------------------------------------------
     0 | D:1      | kae the Demigod Fire Elementalist began the quest for the
                  | Orb.
     0 | D:1      | Reached XP level 1. HP: 14/14 MP: 5/5
   169 | D:1      | Reached skill level 1 in Conjurations
   547 | D:1      | Reached XP level 2. HP: 19/20 MP: 5/7
   728 | D:1      | Reached skill level 3 in Fire Magic
  1296 | D:2      | Learned a level 2 spell: Scorch
  1551 | D:2      | Found Zayn's Assorted Antiques.
  1554 | D:2      | Bought a fuming puce potion for 21 gold pieces
  1963 | D:2      | Reached XP level 3. HP: 24/27 MP: 3/8
  3068 | D:2      | Reached XP level 4. HP: 33/34 MP: 3/9
  3410 | D:3      | Reached skill level 1 in Fighting
  3412 | D:3      | Identified the +0 ring mail "Cafeat" {Fly rF- Regen+ rCorr
                  | SInv}
  3580 | D:3      | Noticed Sigmund
  3602 | D:3      | HP: 1/35 [something (8)]
  3605 | D:3      | Killed from afar by Sigmund

Illustrated notes

Levels and vault maps discovered:
D:1:      evilmike_arrival_hilbert_curve, layout_loops_ring,
          shapermc_ecumenical_altar_ellora, hex_large
D:2:      minmay_angry_zag, layout_basic, serial_shops,
          nicolae_shop_behind_doors
D:3:      layout_rooms, uniq_sigmund

Skill      XL: |  1  2  3  4 |
---------------+-------------+-----
Conjurations   | 1 |  1.6
Fire Magic     | 3 |  3.4
Dodging        | 2 |  2.3
Stealth        | 2 |  2.2
Spellcasting   | 2 |  2.1
Fighting       | 1 |  1.0

Action                   |  1- 3 |  4- 6 || total
-------------------------+-------+-------++-------
Melee: Unarmed           |     7 |       ||     7
       Short sword       |    45 |       ||    45
       Staff             |     1 |     6 ||     7
 Cast: Foxfire           |    40 |     8 ||    48
       Scorch            |    27 |     4 ||    31
  Use: Scroll            |     2 |       ||     2
       Potion            |       |     5 ||     5
 Stab: Distracted        |     1 |       ||     1
Armor: Robe              |    22 |     4 ||    26
Dodge: Dodged            |    64 |     9 ||    73

Table legend: (Time is in decaauts)
 A = Elapsed time spent in this place.
 B = Non-inter-level travel time spent in this place.
 C = Inter-level travel time spent in this place.
 D = Time resting spent in this place.
 E = Time spent auto-exploring this place.
 F = Levels seen in this place.
 G = Mean time per level.
                   A        B        C        D        E       F      G
               +--------+--------+--------+--------+--------+-----+--------+
         Total |   3608 |   3439 |    169 |      3 |   3029 |   3 | 1202.7 |
       Dungeon |   3608 |   3439 |    169 |      3 |   3029 |   3 | 1202.7 |
               +--------+--------+--------+--------+--------+-----+--------+

Top non-repeatable levels by time:
     D:2: 2076 daAuts
     D:1: 1274 daAuts
     D:3: 258 daAuts
